 Dungeon Crawl Stone Soup version 0.31-a0-702-gf82c85558f (webtiles) character file.

Game seed: 8120327687735745594

86 qw the Shooter (level 4, 0/28 HPs)
             Began as a Gargoyle Hunter on Sept 8, 2023.
             Slain by a water moccasin (1 damage)
             ... on level 3 of the Dungeon.
             The game lasted 00:00:41 (1939 turns).

qw the Shooter (Gargoyle Hunter)                    Turns: 1939, Time: 00:00:42

Health: 0/28       AC:  8    Str: 14    XL:     4   Next: 50%
Magic:  4/4        EV: 10    Int: 10    God:
Gold:   115        SH:  0    Dex: 15    Spells: 3/3 levels left

rFire   . . .        Y - +1 shortbow
rCold   . . .        (shield currently unavailable)
rNeg    + . .        b - +0 ring mail
rPois   inf          (no helmet)
rElec   +            (no cloak)
rCorr   .            (no gloves)
SInv    .            (no boots)
Will    .....        f - amulet of the acrobat
Stlth   +            (no ring)
HPRegen 0.24/turn    (no ring)
MPRegen 0.09/turn

%: acrobat
@: no status effects
A: sickness immunity, AC +3, negative energy resistance 1, electricity
resistance, torment resistance 1, petrification resistance
a: no special abilities


You were on level 3 of the Dungeon.
You visited 1 branch of the dungeon, and saw 3 of its levels.

You collected 115 gold pieces.


Innate Abilities, Weirdness & Mutations

You are immune to sickness and miasma.
Your stone body is resilient. (AC +3)
You are immune to poison.
You resist negative energy. (rN+)
You are resistant to electric shocks. (rElec)
You are resistant to unholy torment.
You are immune to petrification.


   Skills:
 - Level 3.0 Fighting
 + Level 5.3 Ranged Weapons
 - Level 1.0 Armour
 - Level 1.5 Dodging
 - Level 1.1 Stealth


You had 3 spell levels left.
You didn't know any spells.
Your spell library was empty.

Inventory:

Hand Weapons
 Y - a +1 shortbow (weapon)
Armour
 b - a +0 ring mail (worn)
Jewellery
 f - an amulet of the acrobat (around neck)
Scrolls
 e - 2 scrolls of identify
Potions
 d - a potion of ambrosia {unknown}
 g - a potion of resistance
 j - a potion of cancellation {unknown}
 k - 2 potions of curing

Dungeon Overview and Level Annotations

Branches:
Dungeon (3/15)

Altars:


Message History

The jackal bites you but does no damage. x2
You shoot an arrow. The arrow hits the jackal!
You kill the jackal!
The jackal closely misses you.
The water moccasin bites you but does no damage.
You shoot an arrow. The arrow hits the jackal!
You kill the jackal!
The ball python misses you. The ball python barely misses you.
The water moccasin barely misses you. The ball python bites you.
The ball python barely misses you.
You shoot an arrow. The arrow misses the water moccasin.
The water moccasin barely misses you. The ball python bites you.
The ball python closely misses you. The water moccasin bites you.
You shoot an arrow.
The arrow closely misses the water moccasin.
The water moccasin bites you.
The ball python bites you but does no damage.
The ball python barely misses you. The water moccasin barely misses you.
The ball python bites you but does no damage.
The ball python grabs you. The ball python constricts you.
You shoot an arrow.
The arrow closely misses the ball python.
The arrow hits the jackal!
You kill the jackal!
The water moccasin bites you but does no damage.
The ball python closely misses you. The ball python constricts you.
The water moccasin bites you.
You shoot an arrow. The arrow hits the ball python!
You kill the ball python!
The water moccasin bites you! The jackal barely misses you.
You shoot an arrow.
The arrow barely misses the water moccasin.
The water moccasin bites you. The jackal closely misses you.
The water moccasin barely misses you.
You shoot an arrow.
The arrow barely misses the water moccasin.
The jackal bites you but does no damage.
The water moccasin bites you but does no damage.
The jackal bites you. The water moccasin bites you.
You die...

.....#.#.#.#.#)#. .##..
...#.##. #. ###. #. # #
##. ... # ##+###..#
#.##. ..#.# #...##..###
.....
......#S..##............
.....wh@...........#####
......#...##.## #..# #
####. ###..#.# #..#####
# ##.#.## #..##..[
#....###.#...##
###..##..[.####
##.....######
###.>....... ##.#######


You could see a water moccasin, a worm and a jackal.

Vanquished Creatures
  2 adders
  A dart slug (D:1)
  An orc (D:3)
  5 ball pythons
  5 endoplasms
  4 giant cockroaches
  5 goblins
  5 hobgoblins
  5 jackals
  4 kobolds
  4 quokkas
  8 bats
  2 frilled lizards (D:1)
  4 rats
55 creatures vanquished.

Notes
Turn   | Place    | Note
-------+----------+-------------------------------------------
     0 | D:1      | qw the Gargoyle Hunter began the quest for the Orb.
     0 | D:1      | Reached XP level 1. HP: 12/12 MP: 1/1
     0 | D:1      | 0 ||| qw: Version: 0.3-a-76-g4403597
     0 | D:1      | 0 ||| qw: Game counter: 1115
     0 | D:1      | 0 ||| qw: Melee chars always use a shield: true
     0 | D:1      | 0 ||| qw: God list: Okawaru
     0 | D:1      | 0 ||| qw: Allow faded altars: false
     0 | D:1      | 0 ||| qw: Do Orc after clearing Dungeon:15 true
     0 | D:1      | 0 ||| qw: Do second Lair branch before Depths: true
     0 | D:1      | 0 ||| qw: Lair rune preference: random
     0 | D:1      | 0 ||| qw: Goals: Normal
     0 | D:1      | 0 ||| PLANNING D:1-11
    53 | D:1      | Reached XP level 2. HP: 17/17 MP: 2/2
   232 | D:1      | Reached XP level 3. HP: 21/21 MP: 3/3
   275 | D:1      | Reached skill level 5 in Ranged Weapons
   816 | D:1      | 816 ||| READING 4 scrolls labelled KASMUS COLUSA.
   817 | D:1      | 817 ||| READING 4 scrolls labelled BEYSA REGHAZOELIH.
   818 | D:1      | 818 ||| READING scroll labelled GEOBYC KIGITUY.
   819 | D:1      | 819 ||| READING scroll labelled WICOMITWYTRA.
   836 | D:1      | 836 ||| READING 3 scrolls of identify.
   836 | D:1      | 836 ||| IDENTIFYING blue potion
   837 | D:1      | 837 ||| READING 2 scrolls of identify.
   837 | D:1      | 837 ||| IDENTIFYING bubbling emerald potion
   838 | D:1      | 838 ||| DROPPING 3 scrolls of revelation.
   839 | D:1      | 839 ||| DROPPING scroll of butterflies.
   840 | D:1      | 840 ||| DROPPING potion of brilliance.
  1589 | D:2      | Reached skill level 3 in Fighting
  1612 | D:2      | 1612 ||| UPGRADING to +0 ring mail.
  1622 | D:2      | 1622 ||| DROPPING +0 leather armour.
  1623 | D:2      | 1623 ||| UPGRADING to amulet of the acrobat.
  1628 | D:2      | 1628 ||| READING scroll labelled JYOMOIPPUI.
  1629 | D:2      | 1629 ||| READING scroll labelled JOAMEQ CITZUCU.
  1630 | D:2      | 1630 ||| DRINKING 2 bubbling amethyst potions.
  1650 | D:3      | 1650 ||| STAIRDANCE
  1655 | D:2      | Reached skill level 1 in Armour
  1655 | D:2      | Reached XP level 4. HP: 28/28 MP: 4/4
  1929 | D:3      | Noticed a water moccasin
  1938 | D:3      | HP: 3/28 [water moccasin (5)]
  1939 | D:3      | HP: 1/28 [jackal (2)]
  1939 | D:3      | Slain by a water moccasin

Levels and vault maps discovered:
D:1:      dpeg_arrival_rooms_with_view, layout_basic, minmay_strange_pillars,
          minmay_distorted
D:2:      layout_loops_corners
D:3:      layout_basic

Skill      XL: |  1  2  3 |
---------------+----------+-----
Ranged Weapons | 5 |  5.3
Fighting       | 3 |  3.0
Armour         | 1 |  1.0
Dodging        | |  1.5
Stealth        | |  1.1

Action                     |  1- 3 |  4- 6 || total
---------------------------+-------+-------++-------
   Fire: Shortbow          |   101 |    48 ||   149
    Use: Scroll            |     8 |       ||     8
         Potion            |     1 |       ||     1
 Armour: Leather armour    |    10 |       ||    10
         Ring mail         |     2 |    33 ||    35
  Dodge: Dodged            |    12 |    19 ||    31

Table legend:
 A = Non-vault XP
 B = Vault XP
 C = Vault XP percentage of total XP
 D = Non-vault monster count
 E = Vault monster count
 F = Vault count percentage of total count
                 A         B        C        D         E       F
            +---------+---------+-------+---------+---------+-------
      Total |     113 |      11 |   8.9 |      50 |       5 |   9.1
            +---------+---------+-------+---------+---------+-------
        D:1 |      45 |      11 |  19.6 |      26 |       5 |  16.1
        D:2 |      29 |       0 |   0.0 |      10 |       0 |   0.0
        D:3 |      39 |       0 |   0.0 |      14 |       0 |   0.0
            +---------+---------+-------+---------+---------+-------
